 Dungeon Crawl Stone Soup version 0.30-b1-2-g02819fbbbe (webtiles) character file.

Game seed: 7381519747089852810

2930 gengagingus the Cleaver (level 9, -4/81 HPs)
             Began as a Minotaur Berserker on Oct 4, 2023.
             Was a Priest of Trog.
             Slain by a catoblepas (10 damage)
             ... while petrified by a catoblepas
             ... on level 1 of the Lair of Beasts.
             The game lasted 00:36:03 (3741 turns).

gengagingus the Cleaver (Minotaur Berserker)        Turns: 3741, Time: 00:36:04

Health: -4/81      AC: 15    Str: 30    XL:     9   Next: 50%
Magic:  8/8        EV:  2    Int:  4    God:    Trog [***...]
Gold:   165        SH:  0    Dex: 12    Spells: 8/8 levels left

rFire   . . .        a - +1 hand axe (protect) {Doggus}
rCold   . . .        i - +0 buckler
rNeg    + + +        d - +0 plate armour
rPois   ∞            (helmet restricted)
rElec   .            e - +1 cloak
rCorr   .            (no gloves)
SInv    .            (no boots)
Will    .....        (no amulet) Stlth
                     h - ring of wizardry
HPRegen 0.33/turn    q - +6 ring of strength
MPRegen 0.11/turn

%: wizardry (x1)
@: petrified
A: horns 2, retaliatory headbutt, wild magic 1, inability to drink after injury
1
a: Renounce Religion, Berserk, Trog's Hand


You were on level 1 of the Lair of Beasts.
You worshipped Trog.
Trog was most pleased with you.
You visited 2 branches of the dungeon, and saw 9 of its levels.

You collected 250 gold pieces.
You spent 85 gold pieces at shops.

Inventory:

Hand Weapons
 a - a +1 hand axe of protection (weapon) {Doggus}
 f - a +0 hand axe
 k - a +0 flail
 t - a +1 falchion of freezing
 u - a +2 dagger of venom
 x - a +0 scimitar of flaming
Missiles
 c - 56 stones (quivered)
 j - 3 poisoned darts
Armour
 b - a +0 animal skin
 d - a +0 plate armour (worn)
 e - a +1 cloak (worn)
 i - a +0 buckler (worn)
 o - a +2 robe of cold resistance
Jewellery
 h - a ring of wizardry (left hand)
 q - a +6 ring of strength (right hand)
Wands
 r - a wand of flame (8)
 w - a wand of digging (6)
 y - a wand of roots (6)
Scrolls
 g - a scroll of blinking {unknown}
 l - a scroll of enchant armour {unknown}
 p - 3 scrolls of teleportation
Potions
 m - a potion of might
 n - 2 potions of attraction {unknown}
 s - 2 potions of flight {unknown}
 v - 2 potions of curing {unknown}


   Skills:
 + Level 7.8 Fighting
 + Level 5.9 Long Blades
 + Level 9.1 Axes
 + Level 7.9 Armour
 + Level 4.2 Dodging
 + Level 0.5 Stealth
 + Level 3.6 Shields
 + Level 1.2 Evocations


You had 8 spell levels left.
You didn't know any spells.
Your spell library contained the following spells:

 Spells                   Type           Power      Damage    Failure   Level
 Summon Guardian Golem    Hex/Summ       0%         N/A       99%         3
 Orb of Destruction       Conj           0%         9d5       100%        7
 Spellforged Servitor     Conj/Summ      0%         N/A       100%        7


Dungeon Overview and Level Annotations

Branches:
Dungeon (8/15)               Lair (1/5) D:8
 Temple: D:4-7

Altars:
Cheibriados
Elyvilon
Okawaru

Shops:
D:3 :   D:4 [   D:5 *

Portals:
Abyss: D:7

Annotations:
D:3 xelsha's ghost, weakling TrEE
D:7 diceflayer's ghost, novice MiFi


Innate Abilities, Weirdness & Mutations

You have a pair of horns on your head.
You reflexively headbutt those who attack you in melee.
Your spells are a little harder to cast, but a little more powerful.
You occasionally lose the ability to drink potions when taking damage.


Message History

The roots erupt in riotous growth!
Roots grab the catoblepas.
The grasping roots constrict the catoblepas.
You hear a loud, deep croak!
The catoblepas gores you but does no damage.
Found 7 gold pieces.
The grasping roots constrict the catoblepas.
The catoblepas struggles to escape constriction.
Found a flail.
The grasping roots constrict the catoblepas.
The roots release their grip on the catoblepas.
The catoblepas breathes a plume of calcifying dust at you.
The blast of calcifying dust hits you but does no damage.
The catoblepas breathes a plume of calcifying dust at you.
The blast of calcifying dust hits you but does no damage.
Aiming: Throw Flame
Press: ? - help, Q - select action, (/) - cycle Shift-Dir - straight line, f/p - catoblepas
Aim: a catoblepas (heavily wounded, 100% to hit)
The puff of flame hits the catoblepas but does no damage.
The catoblepas is heavily wounded.
You are engulfed in calcifying dust.
You are slowing down.
Aiming: Throw Flame
Press: ? - help, Q - select action, (/) - cycle Shift-Dir - straight line, f/p - catoblepas
Aim: a catoblepas (heavily wounded, 100% to hit)
The puff of flame hits the catoblepas.
The catoblepas is heavily wounded.
You are engulfed in calcifying dust.
The catoblepas gores you!
* * * LOW HITPOINT WARNING * * *
Your limbs are stiffening.
You slash the catoblepas!
Your weapon exudes an aura of protection.
The catoblepas is heavily wounded.
You are engulfed in calcifying dust.
The catoblepas gores you!!
* * * LOW HITPOINT WARNING * * *
You have turned to stone.
The catoblepas gores you.
* * * LOW HITPOINT WARNING * * *
The catoblepas gores you!!
You die...

#........###
##....†#.......#
#.....$#......##
##.............#
#.....#.####...
#.....#.# ...
#..§....# ..
##..§Y.#.#
#....@.#.#
##....§# #
#.........
##.....§...#
#..§........
###.....$...
.......)..
..........


You could see a catoblepas.

Vanquished Creatures
  Erica (D:8)
  A cane toad (Lair:1)
  2 hornets (D:8)
  A water moccasin (D:8)
  An orc warrior (D:8)
  2 black bears
  3 ice beasts
  2 centaurs (D:6)
  A kobold brigand (D:6)
  2 bullfrogs
  2 scorpions (D:5)
  2 howler monkeys (D:7)
  4 hounds
  A jelly (D:5)
  3 iguanas
  Terence (D:2)
  Natasha (D:2)
  An orc wizard (D:7)
  7 adders
  2 white imps
  An ufetubus (D:5)
  2 worms
  A dart slug (D:2)
  12 orcs
  4 bats
  6 endoplasms
  A giant cockroach (D:1)
  6 goblins
  5 hobgoblins
  3 jackals (D:5)
  15 kobolds
  A quokka (D:1)
  9 ball pythons
  3 frilled lizards
  2 rats
111 creatures vanquished.

Vanquished Creatures (others)
  A plant (Lair:1)
1 creature vanquished.

Grand Total: 112 creatures vanquished

Notes
Turn   | Place    | Note
-------+----------+-------------------------------------------
     0 | D:1      | gengagingus the Minotaur Berserker began the quest for the
                  | Orb.
     0 | D:1      | Reached XP level 1. HP: 19/19 MP: 0/0
   141 | D:1      | Reached XP level 2. HP: 25/27 MP: 1/1
   146 | D:1      | Reached skill level 4 in Axes
   454 | D:2      | Gained mutation: Your spells are a little harder to cast,
                  | but a little more powerful. [potion of mutation]
   454 | D:2      | Gained mutation: You occasionally lose the ability to drink
                  | potions when taking damage. [potion of mutation]
   456 | D:2      | Reached XP level 3. HP: 33/33 MP: 2/2
   591 | D:2      | Noticed Natasha
   598 | D:2      | Killed Natasha
   598 | D:2      | Reached ** piety under Trog
   643 | D:2      | Reached XP level 4. HP: 20/41 MP: 3/3
   719 | D:2      | Noticed Terence
   724 | D:2      | Killed Terence
   982 | D:2      | Reached skill level 5 in Axes
  1258 | D:3      | Reached skill level 5 in Fighting
  1287 | D:3      | Noticed xelsha's ghost (weakling TrEE)
  1352 | D:3      | Found Tequzud's Book Shop.
  1372 | D:3      | Noticed an ice beast
  1379 | D:3      | Killed an ice beast
  1380 | D:3      | Reached XP level 5. HP: 48/48 MP: 4/4
  1556 | D:4      | Found Jeps's Antique Armour Shop.
  1566 | D:4      | Bought a buckler for 85 gold pieces
  1716 | D:4      | Reached skill level 6 in Axes
  1741 | D:4      | Reached XP level 6. HP: 54/56 MP: 5/5
  1931 | D:5      | Entered Level 5 of the Dungeon
  2022 | D:5      | Reached *** piety under Trog
  2068 | D:5      | Found Isib's General Store.
  2213 | D:5      | Reached skill level 7 in Axes
  2213 | D:5      | Reached XP level 7. HP: 58/62 MP: 6/6
  2656 | D:6      | Reached skill level 1 in Shields
  2665 | D:6      | Found an iron altar of Okawaru.
  2697 | D:6      | Reached skill level 1 in Long Blades
  2704 | D:6      | Found a white marble altar of Elyvilon.
  3078 | D:7      | Noticed a wyvern
  3100 | D:7      | HP: 1/64 [wyvern (13)]
  3106 | D:7      | Found a snail-covered altar of Cheibriados.
  3195 | D:7      | Reached skill level 8 in Axes
  3195 | D:7      | Reached skill level 5 in Armour
  3195 | D:7      | Reached XP level 8. HP: 13/71 MP: 7/7
  3217 | D:7      | Found a one-way gate to the infinite horrors of the Abyss.
  3222 | D:7      | Noticed diceflayer's ghost (novice MiFi)
  3358 | D:8      | Noticed Erica
  3377 | D:8      | Killed Erica
  3387 | D:8      | Noticed a hornet
  3390 | D:8      | Reached skill level 5 in Long Blades
  3395 | D:8      | Paralysed by a hornet for 1 turns
  3397 | D:8      | Killed a hornet
  3398 | D:8      | Reached XP level 9. HP: 36/79 MP: 8/8
  3665 | D:8      | Found a staircase to the Lair.
  3675 | Lair:1   | Entered Level 1 of the Lair of Beasts
  3678 | Lair:1   | Noticed a cane toad
  3689 | Lair:1   | Killed a cane toad
  3690 | Lair:1   | Reached skill level 9 in Axes
  3690 | Lair:1   | Reached skill level 1 in Evocations
  3698 | Lair:1   | Noticed a catoblepas
  3741 | Lair:1   | Slain by a catoblepas

Illustrated notes

Levels and vault maps discovered:
D:1:      minmay_arrival_shoal_huts, layout_basic, feat_on_display
D:2:      layout_basic, serial_shops, nicolae_shop_bloodbath_and_beyond,
          uniq_natasha, uniq_terence
D:3:      layout_rooms, serial_shops, shop, gammafunk_ghost_icy
D:4:      layout_layer_cave, serial_shops, shop
D:5:      layout_cave_pools, temple_green, serial_shops,
          nicolae_shop_pleasant_corner_grove
D:6:      layout_loops_ring, mainiacjoe_overflow_two_lobes, dk_rats_in_the_wall
D:7:      layout_basic, cheibriados_altar_1, gammafunk_ghost_abyssal_escape
D:8:      layout_basic, tso_oasis_becter, dpeg_oklobed_lair, uniq_erica
Lair:1:   layout_gridlike, uniq_harold

Skill      XL: |  1  2  3  4  5  6  7  8  9 |
---------------+----------------------------+-----
Axes           | 4 5 6 7 8 9 |  9.1
Fighting       | 4 5 6 7 |  7.8
Dodging        | 3 4 |  4.2
Armour         | 3 5 6 7 |  7.9
Shields        | 1 3 |  3.6
Long Blades    | 2 5 |  5.9
Evocations     | 1 |  1.2
Stealth        | |  0.5

Action                     |  1- 3 |  4- 6 |  7- 9 || total
---------------------------+-------+-------+-------++-------
  Melee: Hand axe          |    74 |   106 |   119 ||   299
         Headbutt          |    11 |    17 |    25 ||    53
         Falchion          |       |       |    47 ||    47
  Evoke: Wand              |       |       |    16 ||    16
    Use: Scroll            |     5 |     5 |     2 ||    12
         Potion            |     1 |     2 |     3 ||     6
 Armour: Animal skin       |    24 |     1 |       ||    25
         Plate armour      |       |    60 |   135 ||   195
  Dodge: Dodged            |    51 |    60 |    68 ||   179
  Block: Buckler           |       |     9 |    29 ||    38
